 Dungeon Crawl Stone Soup version 0.27-a0-732-ga892ba84f6 (webtiles) character file.

Game seed: 13112232103496899673

5 leviel the Magician (level 1, 0/15 HPs)
             Began as a Djinni Venom Mage on Mar 24, 2021.
             Slain by a bat (1 damage)
             ... on level 1 of the Dungeon.
             The game lasted 00:01:40 (429 turns).

leviel the Magician (Djinni Venom Mage)              Turns: 429, Time: 00:01:40

Health: 0/15       AC:  2    Str:  7    XL:     1   Next: 80%
Magic:  0/0        EV: 12    Int: 16    God:
Gold:   10         SH:  0    Dex: 13    Spells: 0/5 levels left

rFire    + + .     SeeInvis .   (no weapon)
rCold    x . .     Faith    .   (no shield)
rNeg     . . .     Spirit   .   a - +0 robe
rPois    ∞         Reflect  .   (no helmet)
rElec    .         Harm     .   (no cloak)
rCorr    .         Rampage  .   (no gloves)
Will     .....                  (boots unavailable)
Stlth    ++........             (no amulet)
HPRegen  0.05/turn              (no ring)
MPRegen  0.00/turn              (no ring)

@: flying
A: fire resistance 2, cold vulnerability 1, float, innate caster, hp casting,
extra vitality 1
a: no special abilities


You were on level 1 of the Dungeon.
You visited 1 branch of the dungeon, and saw 2 of its levels.

You collected 10 gold pieces.

Inventory:

Armour
 a - a +0 robe (worn)
Scrolls
 b - a scroll of blinking {unknown}
Potions
 c - a potion of degeneration {unknown}


   Skills:
 + Level 2.2 Dodging
 + Level 1.6 Stealth
 + Level 2.9 Spellcasting


You couldn't memorise any spells.
You knew the following spells:

 Your Spells              Type           Power      Damage    Failure   Level
a - Sting                 Tmut/Pois      44%        1d5       5%          1
b - Poisonous Vapours     Pois/Air       22%        N/A       9%          2
c - Mephitic Cloud        Conj/Pois/Air  11%        N/A       17%         3
d - Ignite Poison         Fire/Tmut/Pois 11%        N/A       17%         3
e - Olgreb's Toxic Radia  Pois           11%        N/A       50%         4
Your spell library was empty.

Dungeon Overview and Level Annotations

Branches:
Dungeon (2/15)

Altars:


Innate Abilities, Weirdness & Mutations

You are immune to poison.
Your flesh is very heat resistant. (rF++)
You are vulnerable to cold. (rC-)
You float through the air rather than walking.
You learn spells naturally, not from books.
Your magical power is your life essence.
You have superior vitality. (+4 HP)


Message History

You hear an angry hiss.
A giant cockroach comes into view.
Found a dagger.
There is a stone staircase leading down here.
You see here a +0 dagger.
You reach down and open the door.
A bat comes into view.
The hobgoblin closely misses you.
Found a scroll labelled HIUSYA YMPADUE.
An ooze comes into view.
Found a hand axe.
There is an open door here.
You reach down and open the door.
The ooze quivers.
The hobgoblin hits you.
* * * LOW HITPOINT WARNING * * *
An ooze comes into view.
There is an open door here.
The bat hits you but does no damage. The bat closely misses you.
You reach down and open the door.
The bat barely misses you.
The ooze jiggles.
The bat barely misses you.
There is an open door here.
The bat barely misses you. The bat hits you but does no damage.
The bat hits you but does no damage. The bat hits you but does no damage.
The bat misses you. The bat barely misses you. The bat hits you.
* * * LOW HITPOINT WARNING * * *
The bat barely misses you. The bat hits you.
* * * LOW HITPOINT WARNING * * *
The bat hits you but does no damage. The bat hits you.
* * * LOW HITPOINT WARNING * * *
The bat hits you.
You die...

##≈≈≈≈≈≈≈≈≈≈≈## #..........
#≈≈≈≈≈≈≈≈≈...# #..........
##≈≈≈≈........# #.......#..
#≈≈≈#)........# #....B..#..
#≈≈##.........# #...r...#..
#≈###.........# #....#.##.. ###
#.........# #.r..#..#..
#.#####.........#######....##.#..
#...............@b.g.#....###.###
##########...#######.r........#
#...# ###......... #...#
#........# #...# #........#
#...##### #........#
#.......#####).......#
##.....................
.......................


You could see a hobgoblin, a bat and a rat.

Vanquished Creatures
  A bat (D:1)
  2 oozes
  A frilled lizard (D:1)
  A kobold (D:1)
5 creatures vanquished.

Notes
Turn   | Place    | Note
-------+----------+-------------------------------------------
     0 | D:1      | leviel the Djinni Venom Mage began the quest for the Orb.
     0 | D:1      | Reached XP level 1. HP: 15/15 MP: 0/0
   225 | D:1      | You are sucked into a shaft and drop 1 floor!
   429 | D:1      | Slain by a bat

Illustrated notes

Levels and vault maps discovered:
D:1:      lemuel_arrival_river_ford, layout_basic, st_stairs_2
D:2:      layout_basic, uniq_natasha

Action                   || total
-------------------------++-------
Melee: Unarmed           ||     1
 Cast: Sting             ||    13
Armor: Robe              ||    16
Dodge: Dodged            ||    17

Table legend: (Time is in decaauts)
 A = Elapsed time spent in this place.
 B = Non-inter-level travel time spent in this place.
 C = Inter-level travel time spent in this place.
 D = Time resting spent in this place.
 E = Time spent auto-exploring this place.
 F = Levels seen in this place.
 G = Mean time per level.
                   A        B        C        D        E       F      G
               +--------+--------+--------+--------+--------+-----+--------+
         Total |    429 |    429 |      0 |    111 |    173 |   2 |  214.5 |
       Dungeon |    429 |    429 |      0 |    111 |    173 |   2 |  214.5 |
               +--------+--------+--------+--------+--------+-----+--------+

Top non-repeatable levels by time:
     D:1: 266 daAuts
     D:2: 162 daAuts
